 Dungeon Crawl Stone Soup version 0.31.0-11-ge490571c62 (webtiles) character file.

Game seed: 2305717454817785744

108092 stipulation the Dealer of Despair (level 16, -10/75 HPs)
             Began as a Vine Stalker Necromancer on Jan 29, 2024.
             Was an Elder of Kikubaaqudgha.
             Killed from afar by a merfolk aquamancer (25 damage)
             ... with a torrent of water
             ... on level 1 of the Shoals.
             The game lasted 01:30:01 (24173 turns).

stipulation the Dealer of Despair (VSNe)           Turns: 24173, Time: 01:30:01

Health: -10/75     AC:  8    Str: 16    XL:     16   Next: 48%
Magic:  0/36       EV: 12    Int: 24    God:    Kikubaaqudgha [****..]
Gold:   780        SH:  0    Dex: 15    Spells: 10/46 levels left

rFire   . . .        g - +5 quick blade (drain)
rCold   . . .        (no shield)
rNeg    . . .        Q - +2 robe of Lisuy {Str+3 Int+3}
rPois   +            (no helmet)
rElec   .            z - +2 cloak
rCorr   .            (no gloves)
SInv    .            J - +0 pair of boots
Will    +++..        t - amulet of magic regeneration
Stlth   ++           s - ring of poison resistance
HPRegen 1.12/turn    K - ring of willpower
MPRegen 0.65/turn

%: guardian spirit
@: about to teleport
A: fangs 3, regeneration 1, magic shield, antimagic bite, no potion heal 2
a: Renounce Religion, Unearth Wretches


You were on level 1 of the Shoals.
You worshipped Kikubaaqudgha.
Kikubaaqudgha was greatly pleased with you.
You visited 6 branches of the dungeon, and saw 24 of its levels.
You also visited: Sewer and Bailey.

You collected 2169 gold pieces.
You spent 1389 gold pieces at shops.

Inventory:

Hand Weapons
 g - a +5 quick blade of draining (weapon)
 F - the +4 short sword of the Twisting Gods {spect, Str+4 Dex+4 Stlth+}
   (You found it on level 6 of the Dungeon)

   Str+4:     It affects your strength (+4).
   Dex+4:     It affects your dexterity (+4).
   Stlth+:    It makes you more stealthy.
Missiles
 j - 2 throwing nets
Armour
 z - a +2 cloak (worn)
 J - a +0 pair of boots (worn)
 Q - the +2 robe of Lisuy (worn) {Str+3 Int+3}
   (You found it on level 5 of the Lair of Beasts)

   Str+3:     It affects your strength (+3).
   Int+3:     It affects your intelligence (+3).
 S - an orb of guile
 T - a +2 robe of cold resistance
Jewellery
 a - an amulet of regeneration
 s - a ring of poison resistance (left hand)
 t - an amulet of magic regeneration (around neck)
 w - a ring of see invisible
 I - a ring of protection from cold
 K - a ring of willpower (right hand)
 L - a ring of resist corrosion
Wands
 v - a wand of polymorph (16)
 G - a wand of flame (50)
 H - a wand of digging (13)
 U - a wand of iceblast (2)
 W - a wand of quicksilver (5)
Scrolls
 c - 5 scrolls of fear
 d - a scroll of teleportation
 f - 4 scrolls of fog
 h - 6 scrolls of noise
 i - 3 scrolls of enchant armour
 l - 2 scrolls of revelation
 n - 5 scrolls of enchant weapon
 o - 2 scrolls of poison
 p - 2 scrolls of brand weapon
 q - 3 scrolls of amnesia
 y - 4 scrolls of vulnerability
 D - a scroll of butterflies
 M - a scroll of immolation
 V - 4 scrolls of identify
Potions
 b - 4 potions of magic
 e - 4 potions of might
 r - 9 potions of heal wounds
 u - 5 potions of haste
 x - 9 potions of curing
 A - 6 potions of mutation
 B - 3 potions of attraction
 C - 5 potions of enlightenment
 E - 2 potions of invisibility
 N - a potion of resistance
 O - 2 potions of degeneration
 P - a potion of ambrosia
 X - 2 potions of brilliance
 Y - 2 potions of lignification
 Z - a potion of cancellation


   Skills:
 - Level 4.6 Fighting
 + Level 12.4 Short Blades
 - Level 1.5 Dodging
 - Level 2.4 Stealth
 + Level 15.6 Spellcasting
 + Level 3.4 Hexes
 - Level 4.0 Summonings
 * Level 17.8 Necromancy
 - Level 4.0 Translocations


You had 10 spell levels left.
You knew the following spells:

 Your Spells              Type           Power      Damage    Failure   Level
a - Necrotise             Necr           100%       1d9       0%          1
b - Vampiric Draining     Necr           81%        2d11      0%          3
c - Animate Dead          Necr           81%        N/A       1%          4
d - Curse of Agony        Necr           81%        N/A       1%          5
e - Dispel Undead         Necr           81%        3d26      1%          4
f - Blink                 Tloc           76%        N/A       1%          2
g - Fugue of the Fallen   Necr           81%        N/A       0%          3
h - Martyr's Knell        Necr/Summ      63%        N/A       1%          4
i - Death Channel         Necr           40%        N/A       1%          6
j - Anguish               Hex/Necr       31%        N/A       1%          4

Your spell library contained the following spells:

 Spells                   Type           Power      Damage    Failure   Level
 Apportation              Tloc           76%        N/A       1%          1
 Kiss of Death            Conj/Necr      100%       2d13      1%          1
 Summon Small Mammal      Summ           100%       N/A       1%          1
 Lesser Beckoning         Tloc           76%        N/A       1%          2
 Momentum Strike          Conj/Tloc      56%        3d9       1%          2
 Gell's Gravitas          Tloc           38%        N/A       1%          3
 Teleport Other           Tloc           38%        N/A       1%          3
 Borgnjor's Vile Clutch   Necr/Erth      28%        N/A       1%          5
 Confusing Touch          Hex            35%        N/A       2%          3
 Magic Dart               Conj           72%        1d6       3%          1
 Sting                    Conj/Alch      72%        1d7       3%          1
 Volatile Blastmotes      Fire/Tloc      56%        2d14      3%          3
 Mercury Vapours          Alch/Air       36%        N/A       4%          2
 Searing Ray              Conj           36%        2d5       4%          2
 Static Discharge         Conj/Air       36%        3-5/arc   4%          2
 Passage of Golubria      Tloc           38%        N/A       5%          4
 Cause Fear               Hex            17%        N/A       7%          4
 Mephitic Cloud           Conj/Alch/Air  18%        N/A       9%          3
 Animate Armour           Summ/Erth      56%        N/A       13%         4
 Iskenderun's Mystic Bla  Conj/Tloc      28%        2d7       13%         4
 Summon Lightning Spire   Summ/Air       28%        N/A       13%         4
 Borgnjor's Revivificati  Necr           40%        N/A       13%         8
 Summon Forest            Summ/Tloc      19%        N/A       16%         5
 Summon Mana Viper        Hex/Summ       36%        N/A       19%         5
 Airstrike                Air            9%         2d(2-18)  28%         4
 Fulminant Prism          Conj/Alch      9%         3d7       28%         4
 Silence                  Hex/Air        13%        N/A       38%         5
 Freezing Cloud           Conj/Ice/Air   9%         6-21      63%         5
 Lee's Rapid Deconstruct  Erth           9%         3d7*      63%         5
 Dispersal                Tloc           19%        N/A       65%         6
 Summon Cactus Giant      Summ           19%        N/A       65%         6
 Enfeeble                 Hex            17%        N/A       99%         7
 Lehudib's Crystal Spear  Conj/Erth      9%         10d4      100%        8


Dungeon Overview and Level Annotations

Branches:
Dungeon (14/15)            Temple (1/1) D:7            Lair (5/5) D:9
 Shoals (1/4) Lair:2        Snake (1/4) Lair:3        Slime (0/5) Lair:5
    Orc (2/2) D:12            Elf (0/3) Orc:2         Sewer (visited)
 Bailey (visited)
 Vaults: D:13-14

Altars:
Ashenzari
Cheibriados
Dithmenos
Elyvilon
Fedhas
Gozag
Hepliaklqana
Kikubaaqudgha
Makhleb
Nemelex Xobeh
Okawaru
Qazlal
Ru
Sif Muna
Trog
Uskayaw
Vehumet
Wu Jian
Xom
Yredelemnul
Zin
The Shining One

Shops:
D:8 !   D:11 (:[   D:12 ?   D:13 =   Orc:2 (?=*

Portals:
Pandemonium: Orc:2

Annotations:
D:5 2 transporters, pigah's ghost, amateur OpSh
D:14 1 exclusion
Lair:4 exclusion: 6 oklob plants


Innate Abilities, Weirdness & Mutations

You have razor-sharp teeth.
Your natural rate of healing is unusually fast.
When hurt, damage is shared between your health and your magic reserves.
Your bite disrupts and absorbs the magic of your enemies.
Potions cannot restore your health.


Message History

The tentacle slaps you!! The tentacle closely misses you.
The merfolk aquamancer hits your faun zombie with a +0 rapier.
Your faun zombie hits the merfolk!
Your faun zombie splashes around in the water.
The water elemental hits your faun zombie.
Your faun zombie is destroyed!
A tentacle segment bursts forth from the water. x4
Casting: Martyr's Knell (safe; 1% risk of failure)
Confirm with . or Enter, or press ? or * to list all spells.
Aiming: Vampiric Draining (safe; 0% risk of failure)
Press: ? - help, Shift-Dir - straight line, f - tentacle, p - merfolk
Aim: a tentacle (almost dead, lightly drained)
You draw life force from the tentacle.
You kill the tentacle!
You feel life coursing into your body. The tentacle slaps you!!
The merfolk hits your faun zombie with a +0 trident of venom!!
Your faun zombie is destroyed!
The tentacle slaps you. The tentacle slaps your faun zombie!!
Your faun zombie is destroyed!
A tentacle segment bursts forth from the water. x3
Your manticore zombie misses the merfolk.
Your manticore zombie claws the merfolk!
The merfolk dies!
Kikubaaqudgha accepts your kill.
You hear a splash.
The tentacle closely misses you.
The tentacle slaps you but does no damage.
You enter the shallow water.
Moving in this stuff is going to be slow.
The merfolk aquamancer points at you and mumbles some strange words.
The ball of steam hits you!!
* * * LOW HITPOINT WARNING * * *
As you read the scroll of teleportation, it crumbles to dust.
You feel strangely unstable.
You are engulfed in a cloud of scalding steam.
* * * LOW HITPOINT WARNING * * *
The merfolk aquamancer points at you and mumbles some strange words.
The torrent of water hits you!!
You die...
Kikubaaqudgha rasps: "You have failed me!
Welcome... death!"

≈≈~~~~~~~~~~~ ~
≈≈E~~~~~~~~~ ~~~~~ ≈≈≈≈
≈≈~~~~~~~~~~~~~~~~≈≈ ≈≈≈~
≈X~~~~~~HE ~~†~~~~~≈≈ ≈≈≈~
≈~~~~~~wm##.~~~~~~~≈≈ ≈≈≈~
~~~~~w~EZ.##~.~~~~~≈≈≈≈≈≈≈
≈~~~~~~w§...~~~~~~~≈≈≈≈≈≈≈
~~~~~~~..§.~~~~~~~~≈≈≈≈≈≈≈
~~...~~.§@.~~~~~~≈≈≈≈≈≈≈≈≈
~~.#.~~~§§§~~~~~≈≈≈≈≈≈≈≈≈≈
~~ ##.~~~~§~~~≈≈≈≈≈≈≈≈≈≈≈≈
~ ....~~~~~~~~~~~≈≈≈≈≈≈≈≈~
~~~~~~~~~~~~~~~≈≈~~~≈≈≈~
~~~~~~~~~~~~~~~~~~~~~~~~~
~~~~~~≈≈≈≈~~~~~~~~~~~~~~~
≈≈≈≈≈≈≈≈≈≈≈~~~~~~~.~~~~~~~
≈≈≈≈≈≈≈≈≈≈≈≈~~~~.#....~~~~


You could see a merfolk aquamancer, a manticore, 3 tentacles, 2 water elementals
and a friendly manticore zombie.

Vanquished Creatures
  An orc warlord (Orc:2)
  Snorg (Orc:1)
  A yaktaur captain (D:12)
  A fire dragon (Lair:5)
  Josephine (D:12)
  A hydra (D:13)
  2 demonspawn (Orc:2)
  Erica (D:8)
  A merfolk avatar (Shoals:1)
  An ice dragon (D:13)
  3 two-headed ogres
  2 boulder beetles
  A catoblepas (D:12)
  6 death yaks (Lair:5)
  A tengu warrior (D:14)
  8 orc high priests (Orc:2)
  Sonja (Orc:1)
  A sea snake (Shoals:1)
  3 orc knights
  A lindwurm (Lair:2)
  5 orc sorcerers
  A deep elf pyromancer (D:12)
  Maurice (Orc:1)
  A faun (Shoals:1)
  5 ugly things
  3 cyclopes
  2 manticores
  A kobold blastminer (Orc:2)
  3 merfolk sirens (Shoals:1)
  9 elephants
  2 black mambas
  2 cane toads
  2 orange demons (Orc:2)
  Jeremiah (D:9)
  4 kobold demonologists (D:11)
  An unseen horror (D:10)
  3 rime drakes
  An efreet (D:14)
  5 komodo dragons
  An unseen horror zombie (D:8)
  An ice devil (Orc:2)
  A queen bee (shapeshifter) (D:11)
  2 trolls
  A hornet (D:10)
  2 polar bears
  A merfolk (Shoals:1)
  A wind drake (Shoals:1)
  6 blink frogs
  A snapping turtle (Shoals:1)
  A dream sheep (Shoals:1)
  9 wraiths
  A shadow (D:12)
  2 vampires
  4 wyverns
  2 wargs (Orc:1)
  2 humans (D:14)
  7 steam dragons
  49 yaks
  3 basilisks
  A neqoxec (Orc:2)
  4 vampire mosquitoes (D:10)
  A naga (Snake:1)
  2 acid dragons
  9 water moccasins
  25 orc warriors
  A sky beast (D:7)
  3 ice beasts
  A black bear (D:5)
  4 ogres
  A wolf (Lair:1)
  A centaur (D:10)
  Blork the orc (D:5)
  17 bullfrogs
  4 kobold brigands
  2 gnoll sergeants
  2 scorpions (D:5)
  A burial acolyte (D:8)
  9 wights
  7 killer bees
  2 howler monkeys (D:12)
  2 electric eels (Lair:2)
  5 bombardier beetles
  2 lava snakes (Lair:2)
  A bullfrog zombie (Lair:2)
  5 jellies
  Crazy Yiuf (D:4)
  5 hounds
  15 orc priests
  4 iguanas
  A sleepcap (D:6)
  An iguana (shapeshifter) (D:14)
  8 orc wizards
  Natasha (thrice) (D:3)
  11 gnolls
  8 adders
  5 river rats (Sewer)
  A white imp (D:6)
  4 ufetubi
  A dart slug (D:1)
  3 ribbon worms
  60 orcs
  15 ball pythons
  6 endoplasms
  2 giant cockroaches
  6 hobgoblins
  5 jackals
  10 kobolds
  4 quokkas
  4 bats
  4 frilled lizards
  5 goblins
  11 rats
  A tentacle (Shoals:1)
504 creatures vanquished.

Vanquished Creatures (collateral kills)
  A slime creature (D:12)
  6 hydras
  A catoblepas (Lair:4)
  A centaur warrior (Shoals:1)
  3 boulder beetles
  2 skysharks
  A swamp dragon (Lair:5)
  A deep elf pyromancer (D:14)
  An orc knight (Orc:2)
  3 fauns (Shoals:1)
  An ugly thing (D:14)
  3 manticores (Shoals:1)
  2 cyclopes
  5 elephants
  A gargoyle (D:12)
  5 cane toads
  An unseen horror (D:12)
  2 komodo dragons
  A queen bee (D:13)
  3 merfolk (Shoals:1)
  A red devil (Orc:2)
  2 blink frogs (Lair:5)
  3 dream sheep (Shoals:1)
  2 wyverns
  16 yaks
  A chaos spawn (Orc:2)
  A steam dragon (Lair:5)
  An acid dragon (Lair:5)
  3 nagas (Lair:3)
  3 water moccasins
  5 orc warriors
  4 wolves (Lair:1)
  5 bullfrogs
  4 killer bees (D:13)
  2 orc priests (Orc:2)
  4 iguanas (Lair:5)
  2 orc wizards
  An adder (Sewer)
  4 ribbon worms (D:13)
  7 orcs
  5 ball pythons (Sewer)
  3 frilled lizards
  11 rats (Sewer)
134 creatures vanquished.

Vanquished Creatures (others)
  A merfolk impaler (Shoals:1)
  A death yak (Lair:2)
  2 boulder beetles
  A naga warrior (Snake:1)
  2 orc knights
  A manticore (Shoals:1)
  A centaur zombie (Shoals:1)
  An elephant (Lair:5)
  A catoblepas zombie (D:12)
  2 death yak zombies
  3 hydra zombies
  2 merfolk (Shoals:1)
  2 black mamba zombies
  A wind drake zombie (Shoals:1)
  4 faun zombies (Shoals:1)
  A two-headed ogre zombie (D:11)
  4 merfolk zombies (Shoals:1)
  2 cane toad zombies
  2 orc warriors (Orc:2)
  A black bear (Lair:2)
  A human (D:8)
  A snapping turtle zombie (Shoals:1)
  An ogre (Orc:2)
  3 blink frog zombies
  A wolf (Lair:2)
  A rime drake zombie (Lair:5)
  A warg zombie (Orc:1)
  A polar bear zombie (Lair:2)
  7 yak zombies
  A wolf zombie (Lair:2)
  3 bullfrog zombies
  A basilisk zombie (Lair:5)
  An acid dragon zombie (D:13)
  2 howler monkey zombies (D:12)
  A steam dragon zombie (Lair:5)
  An adder zombie (Sewer)
  2 jelly zombies (Lair:5)
  59 orc zombies
  A bat (D:12)
  A bat zombie (D:12)
  An endoplasm (D:13)
  A hobgoblin (D:13)
  A quokka (D:14)
  A river rat zombie (Sewer)
  An endoplasm zombie (D:13)
  A frilled lizard zombie (Sewer)
  2 hobgoblin zombies
  2 kobold zombies
  2 rat zombies (Sewer)
  A tentacle (Shoals:1)
138 creatures vanquished.

Grand Total: 776 creatures vanquished

Notes
Turn   | Place    | Note
-------+----------+-------------------------------------------
     0 | D:1      | stipulation the Vine Stalker Necromancer began the quest
                  | for the Orb.
     0 | D:1      | Reached XP level 1. HP: 9/9 MP: 4/4
    90 | D:1      | Reached XP level 2. HP: 13/13 MP: 0/6
   532 | D:1      | Found a faded altar of an unknown god.
   661 | D:1      | Got Cigotuvi's Disquisition on Sciomancy
  1023 | D:2      | Reached XP level 3. HP: 16/16 MP: 5/8
  1515 | D:2      | Reached XP level 4. HP: 21/21 MP: 10/10
  1760 | D:3      | Noticed Natasha
  1765 | D:3      | Killed Natasha
  1766 | D:3      | Reached skill level 5 in Necromancy
  1908 | D:3      | Noticed Natasha
  1919 | D:3      | Killed Natasha
  1920 | D:3      | Reached XP level 5. HP: 17/24 MP: 4/11
  1931 | D:3      | Learned a level 3 spell: Vampiric Draining
  1936 | D:3      | Learned a level 4 spell: Animate Dead
  2379 | D:3      | Noticed Natasha
  2388 | D:3      | Killed Natasha
  2389 | D:3      | Reached skill level 1 in Short Blades
  2516 | D:4      | Reached XP level 6. HP: 28/28 MP: 8/12
  2951 | D:4      | Found a runed translucent door.
  2952 | D:4      | Noticed Crazy Yiuf
  3334 | D:4      | Killed Crazy Yiuf
  3411 | D:5      | Entered Level 5 of the Dungeon
  3455 | D:5      | Reached XP level 7. HP: 32/32 MP: 7/14
  3623 | D:5      | HP: 1/32 [orc wizard/puff of flame (6)]
  3788 | D:5      | Found a snail-covered altar of Cheibriados.
  3878 | D:5      | Reached skill level 6 in Necromancy
  3955 | D:5      | Found an iron altar of Okawaru.
  3972 | D:5      | Noticed Blork the orc
  3995 | D:5      | Reached skill level 5 in Spellcasting
  4071 | D:5      | Found a transporter.
  4147 | D:5      | Killed Blork the orc
  4148 | D:5      | Gained mutation: You have razor-sharp teeth. [Vine Stalker
                  | growth]
  4148 | D:5      | Reached XP level 8. HP: 36/36 MP: 12/17
  4465 | D:5      | Identified the ring of Dumyt {Ice rElec Will+ Str+2 Stlth+}
  4515 | D:5      | Found a transporter.
  4517 | D:5      | Identified the +2 scale mail "Elausch" {rN++ Int+3}
  4706 | D:5      | Noticed pigah's ghost (amateur OpSh)
  4809 | D:6      | Reached skill level 7 in Necromancy
  5048 | D:6      | Found a glowing drain.
  5104 | Sewer    | Entered a sewer
  5567 | Sewer    | Reached skill level 8 in Necromancy
  5760 | D:6      | Identified the +4 short sword of the Twisting Gods {spect,
                  | Str+4 Dex+4 Stlth+}
  5834 | D:6      | Reached XP level 9. HP: 39/39 MP: 15/21
  5969 | D:6      | Learned a level 5 spell: Curse of Agony
  5984 | D:6      | Found a shimmering blue altar of Sif Muna.
  6305 | D:6      | Found a shimmering altar of Xom.
  6467 | D:7      | Found a sacrificial altar of Ru.
  6467 | D:7      | Found a hide-covered altar of Uskayaw.
  6497 | D:7      | Found a staircase to the Ecumenical Temple.
  7119 | Temple   | Entered the Ecumenical Temple
  7140 | D:8      | Found an ancient bone altar of Kikubaaqudgha.
  7144 | D:8      | Reached skill level 9 in Necromancy
  7161 | D:7      | Reached skill level 5 in Short Blades
  7215 | D:8      | Found Tinnaorr's Distillery.
  7242 | D:7      | Reached XP level 10. HP: 30/44 MP: 1/23
  7287 | D:8      | Became a worshipper of Kikubaaqudgha
  7293 | D:8      | Learned a level 4 spell: Dispel Undead
  7296 | D:8      | Learned a level 2 spell: Blink
  7333 | D:8      | Reached skill level 1 in Translocations
  7525 | D:8      | Noticed Erica
  7596 | D:8      | Found a bloodstained altar of Trog.
  7650 | D:8      | Found a flagged portal.
  7680 | Bailey   | Entered a bailey
  7751 | Bailey   | Reached skill level 10 in Necromancy
  7802 | Bailey   | Noticed an orc knight
  7822 | Bailey   | Reached * piety under Kikubaaqudgha
  7822 | Bailey   | Received a gift from Kikubaaqudgha
  7926 | D:8      | Bought a potion of curing for 30 gold pieces
  7926 | D:8      | Bought a potion of haste for 100 gold pieces
  7926 | D:8      | Bought a potion of degeneration for 10 gold pieces
  7926 | D:8      | Bought a potion of might for 40 gold pieces
  7926 | D:8      | Bought a potion of mutation for 80 gold pieces
  7926 | D:8      | Bought a potion of ambrosia for 80 gold pieces
  7990 | D:8      | Killed Erica
  8297 | D:9      | Noticed Jeremiah
  8316 | D:9      | Killed Jeremiah
  8317 | D:9      | Reached skill level 10 in Spellcasting
  8317 | D:9      | Reached XP level 11. HP: 42/47 MP: 16/26
  8557 | D:9      | Found a staircase to the Lair.
  8990 | D:9      | Found a hazy altar of Hepliaklqana.
  9077 | D:9      | Identified a scroll of acquirement
  9106 | D:9      | Acquired a +5 quick blade of draining
  9115 | D:9      | Learned a level 3 spell: Fugue of the Fallen
  9116 | D:10     | Entered Level 10 of the Dungeon
  9178 | D:10     | Found an opulent altar of Gozag.
  9394 | D:10     | Reached skill level 11 in Necromancy
  9561 | D:10     | Noticed a two-headed ogre
  9572 | D:10     | Killed a two-headed ogre
  9638 | D:10     | Paralysed by a hornet for 2 turns
 10001 | D:11     | Found Haptefitin's Antique Weapon Shoppe.
 10099 | D:11     | Noticed a cyclops
 10309 | D:11     | Found Ygynytas's Book Emporium.
 10327 | D:11     | Noticed a two-headed ogre
 10340 | D:11     | Killed a two-headed ogre
 10400 | D:11     | Found Weyc Gurch's Antique Armour Boutique.
 10400 | D:11     | Noticed a boulder beetle
 10414 | D:11     | Killed a boulder beetle
 10478 | D:11     | Killed a cyclops
 10701 | D:11     | Reached skill level 12 in Necromancy
 11087 | D:12     | Noticed a cyan ugly thing
 11128 | D:11     | Killed a cyan ugly thing
 11129 | D:11     | Reached XP level 12. HP: 40/51 MP: 9/28
 11147 | D:10     | Reached ** piety under Kikubaaqudgha
 11212 | Lair:1   | Entered Level 1 of the Lair of Beasts
 11218 | Lair:1   | Learned a level 4 spell: Martyr's Knell
 11257 | Lair:1   | Reached skill level 1 in Summonings
 11414 | Lair:1   | Found a snail-covered altar of Cheibriados.
 12452 | Lair:2   | Reached skill level 13 in Necromancy
 12511 | Lair:2   | Noticed an eight-headed hydra
 12528 | Lair:2   | Killed an eight-headed hydra
 12530 | Lair:2   | Reached XP level 13. HP: 48/55 MP: 26/30
 12549 | Lair:2   | Found a staircase to the Shoals.
 13171 | Lair:2   | Found a staircase to the Shoals.
 13731 | Lair:3   | Reached skill level 10 in Short Blades
 13821 | Lair:3   | Found a staircase to the Snake Pit.
 13822 | Lair:3   | Reached *** piety under Kikubaaqudgha
 13822 | Lair:3   | Received a gift from Kikubaaqudgha
 14560 | Lair:3   | Learned a level 6 spell: Death Channel
 14638 | Lair:4   | Reached skill level 14 in Necromancy
 14646 | Lair:4   | Reached skill level 1 in Fighting
 15417 | Lair:5   | Entered Level 5 of the Lair of Beasts
 15749 | Lair:5   | Noticed a fire dragon
 15760 | Lair:5   | Found a staircase to the Slime Pits.
 15809 | Lair:5   | Reached XP level 14. HP: 27/65 MP: 26/32
 15814 | Lair:5   | Reached **** piety under Kikubaaqudgha
 15973 | Lair:5   | Reached skill level 15 in Necromancy
 16045 | Lair:5   | Reached XP level 15. HP: 70/70 MP: 34/34
 16206 | Lair:5   | Identified the +2 robe of Lisuy {Str+3 Int+3}
 16927 | D:12     | Found a staircase to the Orcish Mines.
 16974 | D:12     | Found Ragischacve's Magic Scroll Emporium.
 16981 | D:12     | Bought a scroll of teleportation for 39 gold pieces
 16981 | D:12     | Bought a scroll of fear for 52 gold pieces
 16981 | D:12     | Bought a scroll of identify for 26 gold pieces
 16981 | D:12     | Bought a scroll of identify for 26 gold pieces
 16981 | D:12     | Bought a scroll of identify for 26 gold pieces
 17152 | D:12     | Reached skill level 16 in Necromancy
 17430 | Orc:1    | Entered Level 1 of the Orcish Mines
 17440 | Orc:1    | Noticed Maurice
 17460 | Orc:1    | Maurice stole an amulet of regeneration
 17462 | Orc:1    | Paralysed by an orc sorcerer for 2 turns
 17882 | Lair:5   | Identified the +0 halberd of Departure {flame, rN+ Int+3}
 18217 | Orc:1    | Maurice stole the +4 short sword of the Twisting Gods
                  | {spect, Str+4 Dex+4 Stlth+}
 18218 | Orc:1    | Killed Maurice
 18227 | Orc:1    | Found a bloodstained altar of Trog.
 18229 | Orc:1    | You fall into a shaft and drop 1 floor!
 18229 | Orc:2    | Entered Level 2 of the Orcish Mines
 18358 | Orc:2    | Found Osa Mogo's Magic Scroll Boutique.
 18402 | Orc:2    | Found Sueqil's General Store.
 18468 | Orc:2    | Bought a ring of see invisible for 195 gold pieces
 18536 | Orc:2    | Noticed an orc warlord
 18626 | Orc:1    | Noticed Sonja
 18631 | Orc:1    | Killed Sonja
 18801 | Orc:2    | Reached skill level 15 in Spellcasting
 18966 | Orc:1    | Noticed Snorg
 18986 | Orc:1    | Killed Snorg
 19279 | Orc:2    | Found a staircase to the Elven Halls.
 19861 | Orc:2    | Paralysed by an orc sorcerer for 4 turns
 20015 | Orc:2    | Reached skill level 17 in Necromancy
 20898 | Orc:2    | Reached XP level 16. HP: 67/75 MP: 32/36
 20907 | Orc:2    | Found Awnagix's Jewellery Emporium.
 20907 | Orc:2    | Found Nofick's Antique Weapon Shoppe.
 20908 | Orc:2    | Found a one-way gate leading to the halls of Pandemonium.
 21030 | D:11     | Bought a book of Hexes for 360 gold pieces
 21035 | D:11     | Learned a level 4 spell: Anguish
 21146 | Orc:2    | Bought a ring of willpower for 325 gold pieces
 21411 | D:13     | Noticed Josephine
 21561 | D:12     | Killed Josephine
 21583 | D:13     | Found Xaoruzia's Jewellery Shop.
 21893 | D:13     | Reached skill level 1 in Hexes
 22633 | D:14     | Found a white marble altar of Elyvilon.
 23662 | Snake:1  | Entered Level 1 of the Snake Pit
 23690 | Snake:1  | HP: 2/75 [naga warrior/+1 scimitar of electrocution (9)]
 23816 | Shoals:1 | Entered Level 1 of the Shoals
 24164 | Shoals:1 | Noticed a kraken
 24173 | Shoals:1 | Killed from afar by a merfolk aquamancer

Illustrated notes

Levels and vault maps discovered:
D:1:      minmay_arrival_diagonal_passages, layout_loops_ring,
          hellmonk_ecumenical_altar_run_dry
D:2:      layout_loops_cross
D:3:      layout_loops_ring, uniq_natasha
D:4:      layout_loops_ring, uniq_crazy_yiuf_cottage
D:5:      layout_loops_cross, slow_altar_2, okawaru_gym_becter,
          gammafunk_ghost_gnarly_gnolls, uniq_blork_the_orc
D:6:      layout_loops_ring, marbit_many_paths, lemuel_coloured_pillars_altar,
          cheibrodos_sewer_entry_bend
D:7:      kennysheep_six_static_rooms, layout_rooms, grunt_temple_overflow_open,
          minmay_temple_entry_offerings, palyth_stone_intersect,
          nrook_mini_backslash
D:8:      layout_cave_pools, tgw_kikubaaqudgha, mainiacjoe_overflow_24_doors,
          enter_bailey_4, serial_shops, shop, uniq_erica
D:9:      layout_loops_cross, nicolae_hepliaklqana_hippocampus,
          lair_entry_dummy, st_stairs_4, uniq_jeremiah
D:10:     layout_roguey, grunt_gozag_statues, serial_park_tiny_2,
          chequers_arboretum, lightli_orcish_oven
D:11:     layout_loops_cross, serial_shops, nicolae_shop_dealshenge, shop,
          nicolae_shop_tiny_statue_garden
D:12:     layout_roguey, orc_0_dummy, serial_shops,
          nicolae_shop_real_fake_doors, chequers_serial_rivers_small_a
D:13:     layout_small_grid, serial_shops, nicolae_shop_tiny_glass, hive_lemuel,
          uniq_josephine
D:14:     layout_basic, grunt_vaults_entry_fortified, elyvilon_altar_4
Temple:   hc_temple_tempest_star
Lair:1:   layout_cave_pods, basic_altar, cheibrodos_lair_caveside_slide,
          infiniplex_staircase_pool
Lair:2:   layout_gridlike, shoals_dummy_entry, grunt_forest_stairs_basic,
          nicolae_lair_lindhole, grunt_megastairs_5
Lair:3:   layout_cave_pods, minmay_snake_entry_guardpost_small
Lair:4:   layout_small_grid, dpeg_oklob_1, serial_bayou_shore_b,
          lemuel_fruit_tree
Lair:5:   guppyfry_lair_end_dragon, layout_cave_pods,
          nicolae_slime_entry_field_trip
Shoals:1: layout_shoals, portal_ice_cave_entry_frozen_things
Snake:1:  layout_misc_corridors, basic_altar, grunt_megastairs_4
Orc:1:    layout_diamond_mine, basic_altar, uniq_maurice, uniq_snorg, uniq_sonja
Orc:2:    pf_orc_diabolical, layout_caves

Skill      XL: |  1  2  3  4  5  6  7  8  9 10 11 12 13 14 15 16 |
---------------+-------------------------------------------------+-----
Spellcasting   | 3 4 5 7 8 10 11 12 13 14 15 | 15.6
Necromancy     | 5 6 8 9 10 12 13 14 15 17 | 17.8
Short Blades   | 2 4 5 7 8 9 10 11 12 | 12.4
Translocations | 4 |  4.0
Summonings     | 4 |  4.0
Fighting       | 3 4 |  4.6
Hexes          | 3 |  3.4
Dodging        | |  1.5
Stealth        | |  2.4

Action                     |  1- 3 |  4- 6 |  7- 9 | 10-12 | 13-15 | 16-18 || total
---------------------------+-------+-------+-------+-------+-------+-------++-------
  Melee: Unarmed           |     7 |       |       |       |       |       ||     7
         Dagger            |    31 |    93 |   173 |       |       |       ||   297
         Bite              |     9 |    21 |    68 |   205 |   461 |   106 ||   870
         Punch             |       |     3 |     1 |    11 |    23 |     2 ||    40
         Short sword       |       |       |    89 |   102 |       |       ||   191
         Quick blade       |       |       |       |   412 |  1017 |   208 ||  1637
   Cast: Necrotise         |    38 |    41 |    75 |    51 |    57 |    43 ||   305
         Vampiric Draining |       |       |    32 |    66 |    72 |    37 ||   207
         Animate Dead      |       |       |     3 |    17 |    18 |     7 ||    45
         Dispel Undead     |       |       |       |    17 |     5 |    11 ||    33
         Martyr's Knell    |       |       |       |    11 |    45 |    15 ||    71
         Fugue of the Fall |       |       |       |     3 |    12 |     1 ||    16
         Death Channel     |       |       |       |       |    16 |     5 ||    21
         Curse of Agony    |       |       |       |       |     2 |       ||     2
         Blink             |       |       |       |       |     1 |       ||     1
         Anguish           |       |       |       |       |       |     1 ||     1
 Invoke: Unearth Wretches  |       |       |       |     2 |     5 |     3 ||    10
  Evoke: Wand              |       |       |       |    10 |    10 |     6 ||    26
    Use: Scroll            |       |     1 |    10 |    12 |     9 |     4 ||    36
         Potion            |       |       |       |       |     4 |     1 ||     5
   Stab: Sleeping          |     4 |     6 |     5 |     2 |       |       ||    17
         Distracted        |       |       |     2 |     4 |     6 |       ||    12
         Paralysed         |       |       |       |     3 |     7 |     3 ||    13
 Armour: Robe              |    21 |    39 |   219 |   325 |   298 |   149 ||  1051
         Steam dragon scal |       |       |       |       |   181 |       ||   181
  Dodge: Dodged            |    19 |    56 |   225 |   240 |   309 |    80 ||   929
